 Dungeon Crawl Stone Soup version 0.25-a0-42-g6c54e25894 (webtiles) character file.

Game seed: 13132493162169311015, levelgen mode: deterministic

3653 Napalmbreeze the Changer (level 9, 0/75 HPs)
             Began as a Demigod Transmuter on Oct 23, 2019.
             Succumbed to a queen ant's poison
             ... on level 8 of the Dungeon.
             The game lasted 00:31:31 (12863 turns).

Napalmbreeze the Changer (Demigod Transmuter)      Turns: 12863, Time: 00:31:32

Health: 0/75       AC:  7    Str: 15    XL:     9   Next: 58%
Magic:  21/21      EV: 12    Int: 21    God:
Gold:   21         SH:  0    Dex: 16    Spells: 7/19 levels left

rFire    . . .     SeeInvis .     - Unarmed
rCold    . . .     Gourm    .   (shield currently unavailable)
rNeg     + . .     Faith    .   b - +0 robe
rPois    .         Spirit   .   A - +0 helmet
rElec    .         Reflect  .   (no cloak)
rCorr    .         Harm     .   (gloves currently unavailable)
MR       .....                  (no boots)
Stlth    +.........             i - amulet of magic regeneration
HPRegen  0.22/turn              t - ring of positive energy
MPRegen  0.42/turn              H - +4 ring of protection

@: confused, lethally poisoned (0 -> -63), blade hands
A: high mp 1
a: End Transformation


You were on level 8 of the Dungeon.
You were not hungry.
You had blades for hands.
You visited 1 branch of the dungeon, and saw 8 of its levels.

You collected 453 gold pieces.
You spent 432 gold pieces at shops.

Inventory:

Hand Weapons
 e - a +0 dagger
Missiles
 a - 82 arrows
 j - 19 poisoned darts (quivered)
Armour
 b - a +0 robe (worn)
 p - a +0 ring mail
 u - a +0 buckler (melded)
 y - a +0 pair of gloves (melded)
 A - a +0 helmet (worn)
Jewellery
 i - an amulet of magic regeneration (around neck)
 t - a ring of positive energy (left scythe-like blade)
 H - a +4 ring of protection (right scythe-like blade)
Wands
 r - a wand of acid (9)
 F - a wand of paralysis (11)
Scrolls
 c - 2 scrolls of identify
 k - a scroll of enchant weapon {unknown}
 l - 5 scrolls of remove curse
 m - 3 scrolls of teleportation
 s - 3 scrolls of fog
 v - a scroll of fear
 w - a scroll of noise {unknown}
 x - 4 scrolls of amnesia
 B - 2 scrolls of immolation
 E - 3 scrolls of blinking
Potions
 f - a potion of berserk rage {unknown}
 g - a potion of might {unknown}
 h - a potion of haste {unknown}
 n - a potion of invisibility {unknown}
 q - a potion of agility {unknown}
 C - a potion of lignification {unknown}
 D - a potion of flight {unknown}
 G - a potion of degeneration {unknown}
Comestibles
 d - 7 rations


   Skills:
 - Level 6.1 Fighting
 - Level 1.7 Dodging
 - Level 4.0 Shields
 - Level 5.0 Unarmed Combat
 + Level 5.8 Spellcasting
 + Level 7.2 Transmutations
 + Level 2.6 Ice Magic


You had 7 spell levels left.
You knew the following spells:

 Your Spells              Type           Power        Failure   Level  Hunger
a - Beastly Appendage     Tmut           #####.       12%         1    None
d - Ice Form              Ice/Tmut       ####....     52%         4    ####...
e - Blade Hands           Tmut           #####.....   54%         5    #####..
s - Sticks to Snakes      Tmut           #####...     14%         2    None

Your spell library contained the following spells:

 Spells                   Type           Power        Failure   Level  Hunger
 Spider Form              Tmut/Pois      ###.......   38%         3    ##.....


Dungeon Overview and Level Annotations

Branches:
Dungeon (8/15)             Temple (0/1) D:6
   Lair: D:8-11

Shops:
D:6 =

Annotations:
D:4 1 runed translucent door, Gargoyl's ghost, amateur CeAK


Innate Abilities, Weirdness & Mutations

You have an increased reservoir of magic. (+10% MP)


Message History

You slash the queen ant!
The queen ant is moderately wounded.
You feel sick. The queen ant stings you!
* * * LOW HITPOINT WARNING * * *
You are lethally poisoned!
The queen ant poisons you!
You slash the queen ant!
The queen ant is heavily wounded.
* * * LOW HITPOINT WARNING * * *
You feel very sick.
You hit the queen ant but do no damage.
The queen ant is heavily wounded.
* * * LOW HITPOINT WARNING * * *
You feel very sick. The queen ant stings you!
* * * LOW HITPOINT WARNING * * *
A worker ant comes into view.
You are confused.
You feel invigorated.
You die...

#.. #.# ### #.##
#.a #.. #a. #.# aa
##.##a #..#a#
#########..#a#
#.......<..@##
#.#######....#.###
#.# ##........ #.#
##....... ### #†#
##...### ..# #.#
#..# #.# #.# #+#
#.# #.##### #.#
#.....#


You could see a queen ant, 2 soldier ants and 4 worker ants.

Vanquished Creatures
  A deep elf mage (D:7)
  A wyvern (D:7)
  6 soldier ants (D:8)
  3 ice beasts
  A sky beast (D:7)
  A phantom (D:7)
  An ogre (D:5)
  2 bullfrogs
  A scorpion (D:4)
  4 wights (D:6)
  2 howler monkeys
  2 crimson imps (D:5)
  A bullfrog zombie (D:7)
  A quasit (D:7)
  2 orc priests
  A hound (D:4)
  2 bullfrog skeletons (D:6)
  A centaur skeleton (D:7)
  3 iguanas
  3 orc wizards
  6 worker ants
  9 adders
  3 shadow imps
  4 oozes
  3 worms
  2 dart slugs
  2 leopard geckos
  16 orcs
  8 giant cockroaches
  3 goblins
  5 hobgoblins
  17 jackals
  A quokka (D:5)
  A ball python (D:6)
  9 bats
  6 frilled lizards
  A jackal skeleton (D:5)
  6 kobolds
  16 rats
157 creatures vanquished.

Vanquished Creatures (collateral kills)
  Eustachio (D:6)
  Sigmund (D:3)
  A soldier ant (D:8)
  Edmund (D:6)
  3 ogres
  2 centaurs (D:7)
  An orc priest (D:5)
  An orc wizard (D:4)
  2 worker ants
  An adder (D:4)
  7 orcs (D:5)
  A jackal (D:4)
22 creatures vanquished.

Grand Total: 179 creatures vanquished

Notes
Turn   | Place    | Note
-------+----------+-------------------------------------------
     0 | D:1      | Napalmbreeze the Demigod Transmuter began the quest for the
                  | Orb.
     0 | D:1      | Reached XP level 1. HP: 15/15 MP: 5/5
   100 | D:1      | Reached skill level 1 in Fighting
   368 | D:1      | Reached skill level 2 in Transmutations
   368 | D:1      | Reached XP level 2. HP: 23/23 MP: 7/7
  1025 | D:1      | Learned a level 2 spell: Sticks to Snakes
  1172 | D:1      | Reached XP level 3. HP: 29/29 MP: 8/8
  2184 | D:2      | Found an ornate altar of the Wu Jian Council.
  2301 | D:2      | Reached XP level 4. HP: 24/37 MP: 10/10
  3429 | D:3      | Noticed Sigmund
  3447 | D:3      | Killed Sigmund
  3447 | D:3      | Reached XP level 5. HP: 21/45 MP: 6/11
  3674 | D:3      | Found a stormy altar of Qazlal.
  3868 | D:3      | Found a blossoming altar of Fedhas.
  3892 | D:3      | Reached skill level 1 in Shields
  4285 | D:4      | Found a stormy altar of Qazlal.
  4516 | D:4      | Reached XP level 6. HP: 36/51 MP: 10/12
  4612 | D:4      | Found a burning altar of Makhleb.
  4800 | D:4      | Found a runed translucent door.
  5224 | D:4      | Found an ancient bone altar of Kikubaaqudgha.
  5933 | D:4      | Noticed Gargoyl's ghost (amateur CeAK)
  5945 | D:5      | Entered Level 5 of the Dungeon
  6503 | D:5      | Reached XP level 7. HP: 19/57 MP: 14/14
  7166 | D:6      | Found Tatyph's Jewellery Boutique.
  7537 | D:6      | Reached skill level 3 in Transmutations
  7549 | D:6      | Reached skill level 5 in Unarmed Combat
  7660 | D:6      | Noticed Eustachio
  7765 | D:6      | Noticed Edmund
  8539 | D:5      | Reached XP level 8. HP: 52/67 MP: 16/16
  8613 | D:6      | Killed Edmund
  8907 | D:6      | Killed Eustachio
  8907 | D:6      | Reached skill level 5 in Fighting
  8907 | D:6      | Reached skill level 4 in Transmutations
  9067 | D:6      | Found a staircase to the Ecumenical Temple.
  9207 | D:6      | Learned a level 4 spell: Ice Form
 10455 | D:7      | Reached skill level 5 in Transmutations
 10689 | D:7      | Noticed a deep elf mage
 10703 | D:7      | Killed a deep elf mage
 10721 | D:7      | Reached skill level 5 in Spellcasting
 10721 | D:7      | Reached XP level 9. HP: 21/75 MP: 20/20
 11098 | D:7      | Reached skill level 6 in Transmutations
 11149 | D:7      | HP: 2/75 [centaur (6)]
 11520 | D:7      | Learned a level 5 spell: Blade Hands
 12168 | D:8      | Reached skill level 1 in Ice Magic
 12199 | D:8      | HP: 3/75 [poisoned by a worker ant]
 12206 | D:8      | HP: 3/75 [poisoned by a worker ant]
 12214 | D:8      | HP: 3/75 [poisoned by a worker ant]
 12733 | D:6      | Bought a +4 ring of protection for 432 gold pieces
 12841 | D:8      | Reached skill level 7 in Transmutations
 12844 | D:8      | Noticed a queen ant
 12862 | D:8      | HP: 1/75 [queen ant (12)]
 12863 | D:8      | Succumbed to a queen ant's poison

Levels and vault maps discovered:
D:1:      lightli_arrival_isolated_outpost, layout_loops_corners,
          minmay_rat_gold_closets
D:2:      layout_basic, lemuel_crystal_altar, first_ration, hex_tiny
D:3:      layout_basic, old_standard_altar, grunt_qazlal_clouds, uniq_sigmund
D:4:      layout_loops_corners, overflow_temple_1_default,
          overflow_temple_1_default, ebering_ghost_reflecting_pool,
          makhleb_heckhound_becter
D:5:      layout_basic
D:6:      layout_cave_pools, minmay_temple_entry_antechambers, serial_shops,
          shop, uniq_edmund, uniq_eustachio
D:7:      layout_basic, hangedman_minor_gate_pass
D:8:      layout_loops_corners, lemuel_coloured_pillars_altar, minivault_29

Skill      XL: |  1  2  3  4  5  6  7  8  9 |
---------------+----------------------------+-----
Fighting       | 1 2 3 4 6 |  6.1
Transmutations | 2 3 5 7 |  7.2
Spellcasting   | 2 3 5 |  5.8
Unarmed Combat | 3 4 5 |  5.0
Shields        | 2 4 |  4.0
Ice Magic      | 2 |  2.6
Dodging        | |  1.7

Action                   |  1- 3 |  4- 6 |  7- 9 || total
-------------------------+-------+-------+-------++-------
Melee: Unarmed           |   162 |   251 |   423 ||   836
       Kick              |     6 |    35 |   104 ||   145
       Punch             |       |     2 |       ||     2
       Headbutt          |       |    10 |       ||    10
Throw: Dart              |       |       |     1 ||     1
 Cast: Beastly Appendage |     4 |    17 |    27 ||    48
       Sticks to Snakes  |       |    18 |    57 ||    75
       Blade Hands       |       |       |     1 ||     1
       Ice Form          |       |       |     1 ||     1
  Use: Scroll            |       |       |     9 ||     9
       Potion            |       |       |     4 ||     4
 Stab: Sleeping          |     6 |     3 |       ||     9
       Distracted        |       |     1 |     2 ||     3
  Eat: Chunk             |     2 |    13 |     8 ||    23
       Ration            |     1 |       |     5 ||     6
Armor: Robe              |    29 |    36 |    60 ||   125
       Skin              |       |       |     2 ||     2
Dodge: Dodged            |   112 |   125 |   197 ||   434
Block: Buckler           |       |    26 |    83 ||   109

Table legend:
 A = Non-vault XP
 B = Vault XP
 C = Vault XP percentage of total XP
 D = Non-vault monster count
 E = Vault monster count
 F = Vault count percentage of total count
                 A         B        C        D         E       F
            +---------+---------+-------+---------+---------+-------
      Total |    2627 |    2592 |  49.7 |     151 |      28 |  15.6
            +---------+---------+-------+---------+---------+-------
        D:1 |      46 |       8 |  14.8 |      25 |       8 |  24.2
        D:2 |      86 |       0 |   0.0 |      15 |       0 |   0.0
        D:3 |      90 |     123 |  57.7 |      22 |       1 |   4.3
        D:4 |     308 |      43 |  12.3 |      18 |       1 |   5.3
        D:5 |     588 |       0 |   0.0 |      37 |       0 |   0.0
        D:6 |     554 |     310 |  35.9 |      13 |       2 |  13.3
        D:7 |     881 |     927 |  51.3 |      19 |       5 |  20.8
        D:8 |      74 |    1181 |  94.1 |       2 |      11 |  84.6
            +---------+---------+-------+---------+---------+-------
